 Dungeon Crawl Stone Soup version 0.16.1-30-g34a7ffa (webtiles) character file.

147 Monos the Shield-Bearer (level 5, 0/33 HPs)
             Began as a Gargoyle Fighter on June 27, 2015.
             Killed by divine providence
             ... invoked by an orc priest
              (9 damage)
             ... on level 3 of the Dungeon.
             The game lasted 00:26:49 (2188 turns).

Monos the Shield-Bearer (Gargoyle Fighter)          Turns: 2188, Time: 00:26:49

Health: 0/33       AC: 12    Str: 20    XL:     5   Next: 29%
Magic:  5/5        EV:  8    Int:  9    God:
Gold:   35         SH:  9    Dex:  9    Spells: 0 memorised, 4 levels left

rFire  . . .     SeeInvis .     u - +0 mace
rCold  . . .     Clarity  .     b - +1 scale mail
rNeg   + . .     SustAb   .     c - +0 shield
rPois  ∞         Gourm    .     (no helmet)
rElec  +         Spirit   .     (no cloak)
rCorr  .         Warding  .     (no gloves)
rMut   .         Stasis   .     (no boots)
MR     .....                    (no amulet)
Stlth  ..........               (no ring)
                                F - ring of teleport control

@: not resistant to hostile enchantments, extremely unstealthy
A: negative energy resistance 1, electricity resistance, unbreathing,
petrification resistance, rot immunity, AC +4
a: Evoke Teleport Control


You were on level 3 of the Dungeon.
You were not hungry.

You visited 1 branch of the dungeon, and saw 3 of its levels.

You collected 35 gold pieces.

Inventory:

Hand weapons
 a - a +0 flail
 g - a +0 dagger
 j - a +0 short sword
 n - a +0 club
 o - a +0 whip
 r - a +0 spear
 s - a +0 dagger
 t - a +0 club
 u - a +0 mace (weapon)
 v - a +0 dagger
 y - a +0 short sword
 z - a +0 spear
 A - a +0 mace
 C - a +0 short sword
 H - a +0 short sword of venom
 L - a +0 dagger
 N - a +1 flail of venom
Missiles
 h - 82 stones (quivered)
 i - 18 poisoned needles
 p - 26 arrows
 B - 7 tomahawks
 E - 20 bolts
Armour
 b - a +1 scale mail (worn)
 c - a +0 shield (worn)
 m - a +0 robe
 w - a cursed +0 ring mail
 x - a cursed +0 robe
 G - a +0 robe
 I - a +0 scale mail
 J - a +0 scale mail
 O - a +0 robe
Magical staves
 K - an uncursed staff of poison
Jewellery
 F - a ring of teleport control (left hand)
Scrolls
 f - 2 scrolls of noise
 l - a scroll of remove curse
Potions
 e - a potion of might
 q - a potion of invisibility
 D - a potion of magic
 M - a potion of poison {unknown}
Comestibles
 d - a bread ration
 k - 2 chunks of flesh


   Skills:
 + Level 3.9 Fighting
 + Level 2.8 Maces & Flails
 + Level 4.1 Armour
 + Level 1.2 Dodging
 + Level 0.5 Stealth
 + Level 4.3 Shields


You had 4 spell levels left.
You didn't know any spells.

Dungeon Overview and Level Annotations

Branches:
Dungeon (3/15)

Altars:
Yredelemnul


Innate Abilities, Weirdness & Mutations

You are resistant to torment.
You are immune to poison.
Your stone body is very resilient (AC +4).
You resist negative energy.
You are resistant to electric shocks.
You can survive without breathing.
You are immune to petrification.
You are immune to rotting.


Message History

Found a cloak and a scroll labeled JIAQADGHU THURPHOI.
Found a ring mail.
The adder bites you.
* * * LOW HITPOINT WARNING * * *
You block the adder's attack.
You see here a club.
The adder bites you but does no damage. The adder closely misses you.
Some of the chunks of flesh in your inventory have rotted away.
The orc priest becomes somewhat translucent.
The adder closely misses you.
The orc priest looks braver.
The adder bites you but does no damage. You block the adder's attack.
You block the adder's attack. The adder barely misses you.
You see here a kobold skeleton.
The orc priest mumbles some strange prayers to Beogh against you.
Something smites you!
You die...

..# #.# #.# #### #.# .(#
#<# #.# #.# #.###.#
#.....# #@##### #.#####÷#
#......S########
#####..o........ ..#
##...######## #.#
##.....## #.# #....o..#
#.# ##.....## #.#####
#######..o##########.#...#


You could see an orc priest, an adder and 2 orcs.

Vanquished Creatures
  Terence (D:2)
  5 adders
  A worm (D:2)
  4 giant geckos
  3 orcs (D:3)
  3 ball pythons
  8 bats
  3 giant cockroaches (D:1)
  6 hobgoblins
  11 jackals (D:2)
  6 kobolds
  4 quokkas (D:2)
  3 giant newts (D:1)
  7 goblins
  9 rats
  2 plants (D:2)
76 creatures vanquished.

Notes
Turn   | Place    | Note
--------------------------------------------------------------
     0 | D:1      | Monos, the Gargoyle Fighter, began the quest for the Orb.
     0 | D:1      | Reached XP level 1. HP: 14/14 MP: 1/1
    89 | D:1      | Reached XP level 2. HP: 17/19 MP: 2/2
   474 | D:1      | Reached XP level 3. HP: 15/24 MP: 3/3
  1064 | D:2      | Reached XP level 4. HP: 27/29 MP: 4/4
  1197 | D:2      | Reached skill level 1 in Dodging
  1254 | D:2      | Found a basalt altar of Yredelemnul.
  1809 | D:2      | Reached skill level 4 in Shields
  1835 | D:2      | Noticed Terence
  1847 | D:2      | Killed Terence
  1918 | D:2      | Reached XP level 5. HP: 31/33 MP: 5/5
  2188 | D:3      | Killed from afar by an orc priest

Action                   |  1- 3 |  4- 6 || total
-------------------------+-------+-------++-------
Melee: Flail             |   111 |       ||   111
       Mace              |    45 |   262 ||   307
  Use: Scroll            |     4 |     3 ||     7
  Eat: Chunk             |       |     5 ||     5
